 Dungeon Crawl Stone Soup version 0.22-a0-565-gfc6459a524 (webtiles) character file.

995 Foic the Grave Robber (level 8, -7/58 HPs)
             Began as a Gnoll Necromancer on June 28, 2018.
             Mangled by a two-headed ogre
             ... wielding a cursed -3 giant club
              (27 damage)
             ... on level 6 of the Dungeon.
             The game lasted 00:36:12 (6008 turns).

Foic the Grave Robber (Gnoll Necromancer)           Turns: 6008, Time: 00:36:13

Health: -7/58      AC:  5    Str: 10    XL:     8   Next: 19%
Magic:  4/16       EV: 15    Int: 19    God:
Gold:   272        SH:  0    Dex: 17    Spells: 6/18 levels left

rFire    . . .     SeeInvis .   a - +4 quarterstaff (chaos)
rCold    . . .     Gourm    .   (shield currently unavailable)
rNeg     . . .     Faith    .   p - +0 leather armour
rPois    .         Spirit   .   (no helmet)
rElec    .         Reflect  .   t - +0 cloak
rCorr    .         Harm     .   (no gloves)
MR       .....                  o - +0 pair of boots
Stlth    +++.......             (no amulet)
HPRegen  0.19/turn              (no ring)
MPRegen  0.15/turn              (no ring)

@: no status effects
A: distributed training, fangs 1, strong nose
a: no special abilities


You were on level 6 of the Dungeon.
You were not hungry.

You visited 1 branch of the dungeon, and saw 6 of its levels.

You collected 272 gold pieces.

Inventory:

Hand Weapons
 a - a +4 quarterstaff of chaos (weapon)
 b - a +0 hunting sling
 d - a +0 dagger
 e - a +0 hand axe of chopping
Missiles
 j - 113 arrows
 s - 95 stones (quivered)
 u - 4 tomahawks
 w - 20 sling bullets
 z - 4 curare-tipped needles
 G - 22 bolts
Armour
 f - a +0 robe
 o - a +0 pair of boots (worn)
 p - a +0 leather armour (worn)
 q - a +0 ring mail
 t - a +0 cloak (worn)
 x - a +0 chain mail
Wands
 E - a wand of random effects (12)
Scrolls
 g - 6 scrolls of identify
 h - a scroll of enchant armour {unknown}
 i - 8 scrolls of remove curse {unknown}
 m - 3 scrolls of teleportation {unknown}
 n - a scroll of amnesia {unknown}
 r - 4 scrolls of blinking {unknown}
 y - a scroll of fog {unknown}
Potions
 k - 7 potions of curing {unknown}
 l - 2 potions of invisibility {unknown}
 v - a potion of mutation {unknown}
 A - a potion of flight {unknown}
 B - a potion of agility {unknown}
 C - a potion of lignification {unknown}
 D - a potion of berserk rage {unknown}
 F - a potion of cancellation {unknown}
Comestibles
 c - 8 rations


   Skills:
 + Level 3.0 Fighting
 + Level 3.0 Short Blades
 + Level 3.0 Long Blades
 + Level 3.0 Axes
 + Level 3.0 Maces & Flails
 + Level 3.0 Polearms
 + Level 3.0 Staves
 + Level 3.0 Slings
 + Level 3.0 Bows
 + Level 3.0 Crossbows
 + Level 3.0 Throwing
 + Level 3.0 Armour
 + Level 5.5 Dodging
 + Level 5.2 Stealth
 + Level 3.0 Shields
 + Level 3.0 Unarmed Combat
 + Level 5.9 Spellcasting
 + Level 2.4 Conjurations
 + Level 2.4 Hexes
 + Level 2.4 Charms
 + Level 2.4 Summonings
 + Level 7.5 Necromancy
 + Level 2.4 Translocations
 + Level 2.4 Transmutations
 + Level 2.4 Fire Magic
 + Level 2.4 Ice Magic
 + Level 2.4 Air Magic
 + Level 2.4 Earth Magic
 + Level 2.4 Poison Magic
 + Level 3.3 Invocations
 + Level 3.0 Evocations


You had 6 spell levels left.
You knew the following spells:

 Your Spells              Type           Power        Failure   Level  Hunger
a - Pain                  Necr           ####         1%          1    None
b - Animate Skeleton      Necr           N/A          1%          1    None
c - Regeneration          Chrm/Necr      ###.......   6%          3    ##.....
d - Vampiric Draining     Necr           ####......   1%          3    ##.....
e - Animate Dead          Necr           N/A          7%          4    ####...

Your spell library contained the following spells:

 Spells                   Type           Power        Failure   Level  Hunger


Dungeon Overview and Level Annotations

Branches:
Dungeon (6/15)
 Temple: D:4-7

Altars:
Dithmenos
Trog

Annotations:
D:3 3 runed doors, kaisn's ghost, amateur FoFi
D:4 3 runed doors, D1HalberdGnoll's ghost, amateur DsBe; Kholdaimon's ghost, amateur FoFi; temitten's ghost, novice DrFE


Innate Abilities, Weirdness & Mutations

Your experience applies equally to all skills.
You have very sharp teeth.
Your uncanny sense of smell can sniff out nearby items.


Message History

The two-headed ogre hits you with a giant spiked club.
Casting: Vampiric Draining (safe; 1% risk of failure)
Confirm with . or Enter, or press ? or * to list all spells.
Aiming: Vampiric Draining (safe; 1% risk of failure)
Press: ? - help, Shift-Dir - straight line, f/p - two-headed ogre
Aim: a two-headed ogre, wielding a giant club and a giant spiked club (heavily wounded)
The two-headed ogre is almost dead.
You feel life coursing into your body.
The two-headed ogre hits you with a giant club!
The two-headed ogre hits you with a giant spiked club!!
* * * LOW HITPOINT WARNING * * *
Casting: Vampiric Draining (safe; 1% risk of failure)
Confirm with . or Enter, or press ? or * to list all spells.
Aiming: Vampiric Draining (safe; 1% risk of failure)
Press: ? - help, Shift-Dir - straight line, f/p - two-headed ogre
Aim: a two-headed ogre, wielding a giant club and a giant spiked club (severely wounded)
The two-headed ogre is almost dead.
You feel life coursing into your body.
The two-headed ogre hits you with a giant club!!
You die...

#.# #
#########>... #
#............ #
#............ #
#...........( #
###...........(
####### ∆
..'.......)....
.......
#............
#######
#....@O......
#............
#............ ∆
#............
#............
#............
#.###########
#.# #.#


You could see a two-headed ogre.

Vanquished Creatures
  3 phantoms
  An ogre (D:4)
  A bullfrog (D:6)
  A hound (D:6)
  3 orc priests (D:3)
  Crazy Yiuf (D:2)
  4 iguanas
  2 worker ants
  A hound skeleton (D:5)
  A worker ant zombie (D:6)
  4 gnolls (D:3)
  11 adders
  2 shadow imps
  An adder zombie (D:5)
  An adder skeleton (D:6)
  2 worms (D:2)
  A dart slug (D:1)
  3 leopard geckos
  12 orcs
  4 ball pythons
  5 bats
  2 giant cockroaches
  8 goblins
  6 hobgoblins
  12 jackals
  A quokka (D:6)
  2 frilled lizards
  A jackal skeleton (D:4)
  8 kobolds
  A leopard gecko skeleton (D:6)
  A leopard gecko zombie (D:6)
  A quokka zombie (D:5)
  4 rats
111 creatures vanquished.

Vanquished Creatures (collateral kills)
  A bullfrog skeleton (D:4)
  A hound zombie (D:5)
  A dart slug (D:2)
  A goblin (D:3)
4 creatures vanquished.

Vanquished Creatures (others)
  4 withered plants (D:4)
4 creatures vanquished.

Grand Total: 119 creatures vanquished

Notes
Turn   | Place    | Note
-------+----------+-------------------------------------------
     0 | D:1      | Foic the Gnoll Necromancer began the quest for the Orb.
     0 | D:1      | Reached XP level 1. HP: 13/13 MP: 6/6
     2 | D:1      | Learned a level 1 spell: Animate Skeleton
    86 | D:1      | Reached XP level 2. HP: 10/19 MP: 2/7
   870 | D:2      | Reached XP level 3. HP: 25/25 MP: 7/9
   885 | D:2      | Learned a level 3 spell: Regeneration
   889 | D:2      | Learned a level 3 spell: Vampiric Draining
   912 | D:2      | Reached skill level 5 in Spellcasting
  1085 | D:2      | Reached skill level 1 in Invocations
  1301 | D:2      | Reached skill level 1 in Fighting
  1301 | D:2      | Reached skill level 1 in Short Blades
  1301 | D:2      | Reached skill level 1 in Long Blades
  1301 | D:2      | Reached skill level 1 in Axes
  1301 | D:2      | Reached skill level 1 in Maces & Flails
  1301 | D:2      | Reached skill level 1 in Polearms
  1301 | D:2      | Reached skill level 1 in Staves
  1301 | D:2      | Reached skill level 1 in Slings
  1301 | D:2      | Reached skill level 1 in Bows
  1301 | D:2      | Reached skill level 1 in Crossbows
  1301 | D:2      | Reached skill level 1 in Throwing
  1301 | D:2      | Reached skill level 1 in Armour
  1301 | D:2      | Reached skill level 1 in Shields
  1301 | D:2      | Reached skill level 1 in Unarmed Combat
  1301 | D:2      | Reached skill level 1 in Evocations
  1406 | D:2      | Reached XP level 4. HP: 30/32 MP: 7/11
  1617 | D:2      | Found a runed door.
  1932 | D:2      | Noticed Crazy Yiuf
  1937 | D:2      | Killed Crazy Yiuf
  1937 | D:2      | Reached skill level 1 in Conjurations
  1937 | D:2      | Reached skill level 1 in Hexes
  1937 | D:2      | Reached skill level 1 in Charms
  1937 | D:2      | Reached skill level 1 in Summonings
  1937 | D:2      | Reached skill level 1 in Translocations
  1937 | D:2      | Reached skill level 1 in Transmutations
  1937 | D:2      | Reached skill level 1 in Fire Magic
  1937 | D:2      | Reached skill level 1 in Ice Magic
  1937 | D:2      | Reached skill level 1 in Air Magic
  1937 | D:2      | Reached skill level 1 in Earth Magic
  1937 | D:2      | Reached skill level 1 in Poison Magic
  2163 | D:3      | Reached XP level 5. HP: 31/37 MP: 4/12
  2284 | D:3      | Learned a level 4 spell: Animate Dead
  2549 | D:3      | Found a runed gate.
  2549 | D:3      | Found a runed gate.
  2549 | D:3      | Found a runed gate.
  2562 | D:3      | Noticed kaisn's ghost (amateur FoFi)
  2814 | D:3      | Reached XP level 6. HP: 41/44 MP: 8/13
  3154 | D:3      | Reached skill level 5 in Dodging
  3634 | D:4      | Reached XP level 7. HP: 46/50 MP: 15/15
  3678 | D:4      | Found a shadowy altar of Dithmenos.
  3782 | D:4      | Found a runed gate.
  3783 | D:4      | Found a runed gate.
  3784 | D:4      | Found a runed gate.
  3785 | D:4      | Noticed temitten's ghost (novice DrFE)
  3785 | D:4      | Noticed Kholdaimon's ghost (amateur FoFi)
  3786 | D:4      | Noticed D1HalberdGnoll's ghost (amateur DsBe)
  4243 | D:4      | Found a bloodstained altar of Trog.
  4483 | D:5      | Entered Level 5 of the Dungeon
  5039 | D:5      | Reached skill level 5 in Stealth
  5451 | D:6      | Reached XP level 8. HP: 46/57 MP: 9/16
  5997 | D:6      | Noticed a two-headed ogre
  6008 | D:6      | Mangled by a two-headed ogre

Vault maps used:
D:1:      mrwooster_arrival_statue_2
D:2:      uniq_crazy_yiuf_cottage
D:3:      gammafunk_ghost_necromancy
D:4:      lightli_temple_of_fire, gammafunk_ghost_cemetery, first_ration,
          grunt_dithmenos_shadows

Skill      XL: |  1  2  3  4  5  6  7  8 |
---------------+-------------------------+-----
Spellcasting   | 5 |  5.9
Invocations    | 1 2 3 |  3.3
Fighting       | 1 2 3 |  3.0
Short Blades   | 1 2 3 |  3.0
Long Blades    | 1 2 3 |  3.0
Axes           | 1 2 3 |  3.0
Maces & Flails | 1 2 3 |  3.0
Polearms       | 1 2 3 |  3.0
Staves         | 1 2 3 |  3.0
Slings         | 1 2 3 |  3.0
Bows           | 1 2 3 |  3.0
Crossbows      | 1 2 3 |  3.0
Throwing       | 1 2 3 |  3.0
Armour         | 1 2 3 |  3.0
Shields        | 1 2 3 |  3.0
Unarmed Combat | 1 2 3 |  3.0
Evocations     | 1 2 3 |  3.0
Conjurations   | 1 2 |  2.4
Hexes          | 1 2 |  2.4
Charms         | 1 2 |  2.4
Summonings     | 1 2 |  2.4
Translocations | 1 2 |  2.4
Transmutations | 1 2 |  2.4
Fire Magic     | 1 2 |  2.4
Ice Magic      | 1 2 |  2.4
Air Magic      | 1 2 |  2.4
Earth Magic    | 1 2 |  2.4
Poison Magic   | 1 2 |  2.4
Dodging        | 5 |  5.5
Stealth        | 5 |  5.2
Necromancy     | |  7.5

Action                   |  1- 3 |  4- 6 |  7- 9 || total
-------------------------+-------+-------+-------++-------
Melee: Hand axe          |     9 |       |       ||     9
       Dagger            |     8 |       |       ||     8
       Bite              |     1 |     4 |     9 ||    14
       Quarterstaff      |       |    34 |    79 ||   113
 Fire: Hunting sling     |       |    51 |    91 ||   142
Throw: Stone             |       |     5 |       ||     5
 Cast: Pain              |    43 |    42 |     4 ||    89
       Animate Skeleton  |     5 |     9 |     1 ||    15
       Vampiric Draining |     3 |     8 |     6 ||    17
       Regeneration      |     1 |       |       ||     1
       Animate Dead      |       |     1 |     1 ||     2
  Use: Scroll            |     2 |       |       ||     2
 Stab: Distracted        |     1 |       |       ||     1
       Petrifying        |       |     1 |       ||     1
       Paralysed         |       |       |     1 ||     1
  Eat: Chunk             |     2 |     7 |     1 ||    10
       Ration            |       |       |     2 ||     2
Armor: Robe              |     3 |     4 |       ||     7
       Leather armour    |       |     5 |    24 ||    29
Dodge: Dodged            |    19 |    39 |    52 ||   110

Table legend:
 A = Spawn XP
 B = Non-spawn XP
 C = Spawn XP percentage of total XP
 D = Spawn monster count
 E = Non-spawn monster count
 F = Spawn count percentage of total count
 G = Total turns spent on level
                    A         B        C        D         E        F      G
               +---------+---------+-------+---------+---------+-------+---------
         Total |       0 |    1422 |   0.0 |       0 |     115 |   0.0 |  6008
               +---------+---------+-------+---------+---------+-------+---------
           D:1 |       0 |      21 |   0.0 |       0 |      13 |   0.0 |   667
           D:2 |       0 |     119 |   0.0 |       0 |      24 |   0.0 |  1437
           D:3 |       0 |     328 |   0.0 |       0 |      38 |   0.0 |  1345
           D:4 |       0 |     286 |   0.0 |       0 |      12 |   0.0 |  1034
           D:5 |       0 |     381 |   0.0 |       0 |      17 |   0.0 |   895
           D:6 |       0 |     287 |   0.0 |       0 |      11 |   0.0 |   630
               +---------+---------+-------+---------+---------+-------+---------
